 Dungeon Crawl Stone Soup version 0.27.1-33-g824d729ab1 (webtiles) character file.

Game seed: 2757483877902250624

52 pkoi the Ruffian (level 3, -1/29 HPs)
             Began as a Draconian Gladiator on Dec 15, 2021.
             Killed by nerve-wracking pain
             ... invoked by an orc priest
              (2 damage)
             ... on level 3 of the Dungeon.
             The game lasted 00:01:35 (1959 turns).

pkoi the Ruffian (Draconian Gladiator)              Turns: 1959, Time: 00:01:36

Health: -1/29      AC:  6    Str: 22    XL:     3   Next: 60%
Magic:  3/3        EV: 12    Int: 15    God:
Gold:   72         SH:  0    Dex: 12    Spells: 2/2 levels left

rFire    . . .     SeeInvis .     - Unarmed
rCold    . . .     Faith    .   (no shield)
rNeg     . . .     Spirit   .   (armour unavailable)
rPois    .         Reflect  .   a - +0 hat
rElec    .         Harm     .   (no cloak)
rCorr    .         Rampage  .   g - +0 pair of gloves
Will     .....                  (no boots)
Stlth    +.........             (no amulet)
HPRegen  0.09/turn              d - +6 ring of intelligence
MPRegen  0.08/turn              e - +6 ring of strength

@: no status effects
A: AC +5, unfitting armour, cold-blooded
a: no special abilities


You were on level 3 of the Dungeon.
You visited 1 branch of the dungeon, and saw 3 of its levels.

You collected 72 gold pieces.

Inventory:

Missiles
 b - 3 throwing nets (quivered)
 k - 7 datura-tipped darts
Armour
 a - a +0 hat (worn)
 g - a +0 pair of gloves (worn)
Jewellery
 d - a +6 ring of intelligence (left hand)
 e - a +6 ring of strength (right hand)
Scrolls
 f - a scroll of immolation
 h - 2 scrolls of identify
 i - a scroll of holy word {unknown}
 l - a scroll of fear {unknown}
Potions
 c - a potion of invisibility
 j - a potion of curing {unknown}


   Skills:
 - Level 2.1 Fighting
 - Level 1.7 Throwing
 - Level 2.6 Dodging
 + Level 4.6 Unarmed Combat


You had 2 spell levels left.
You didn't know any spells.
Your spell library was empty.

Dungeon Overview and Level Annotations

Branches:
Dungeon (3/15)

Altars:


Innate Abilities, Weirdness & Mutations

Your plain brown scales are hard. (AC +5)
You cannot fit into any form of body armour.
You are cold-blooded and may be slowed by cold attacks.


Message History

You are too injured to fight recklessly!
You are too injured to fight recklessly!
You are too injured to fight recklessly!
You are too injured to fight recklessly!
You are too injured to fight recklessly!
You are too injured to fight recklessly!
You are too injured to fight recklessly!
You are too injured to fight recklessly!
You are too injured to fight recklessly!
You are too injured to fight recklessly!
You are too injured to fight recklessly!
You are too injured to fight recklessly!
You are too injured to fight recklessly!
You are too injured to fight recklessly!
You are too injured to fight recklessly!
You punch the orc!
You kill the orc!
The orc barely misses you.
The orc hits you from afar with a +0 trident.
An orc priest comes into view. It is wielding a +0 club.
Things that are here:
a +0 flail; 5 boomerangs; an orc corpse An orc comes into view.
It is wielding a +0 hand axe.
The orc shouts!
You hear a shout!
The orc priest hits you with a +0 club.
An orc comes into view. It is wielding a +0 trident.
The orc shouts!
You hear a shout!
The orc priest closely misses you.
The orc moves out of view.
The orc barely misses you.
An orc comes into view. It is wielding a +0 mace.
The orc hits you from afar with a +0 trident.
* * * LOW HITPOINT WARNING * * *
The orc hits you but does no damage.
The orc priest invokes the aid of Beogh against you.
Beogh smites you!
* * * LOW HITPOINT WARNING * * *
You hear a shout!
The orc priest calls down the wrath of Beogh upon you.
Pain shoots through your body!
You die...

..... #..##.####
......###o......#
# ......).).o# .#
......###Bo# ...
..... ##o####...#
.... #........#
... ##.o##...# ##
###...#...#
#...#@..#
#.#####.#
########.# <#
#####........# #
......########
#######


You could see an orc priest, 3 orcs and a giant cockroach.

Vanquished Creatures
  An adder (D:2)
  2 dart slugs
  2 orcs (D:3)
  3 ball pythons
  3 bats
  3 endoplasms
  2 giant cockroaches
  3 goblins
  4 hobgoblins
  2 jackals (D:2)
  4 kobolds
  A quokka (D:1)
  6 rats
36 creatures vanquished.

Notes
Turn   | Place    | Note
-------+----------+-------------------------------------------
     0 | D:1      | pkoi the Draconian Gladiator began the quest for the Orb.
     0 | D:1      | Reached XP level 1. HP: 17/17 MP: 1/1
   242 | D:1      | Reached XP level 2. HP: 23/24 MP: 2/2
  1194 | D:2      | Reached skill level 4 in Unarmed Combat
  1378 | D:2      | Reached XP level 3. HP: 21/29 MP: 3/3
  1709 | D:2      | Found a faded altar of an unknown god.
  1958 | D:3      | HP: 1/29 [orc priest/divine providence (11)]
  1959 | D:3      | Killed from afar by an orc priest

Illustrated notes

Levels and vault maps discovered:
D:1:      giann_bridges, layout_basic
D:2:      layout_rooms, hellmonk_ecumenical_altar_dog_temple
D:3:      layout_rooms, mainiacjoe_overflow_paths

Skill      XL: |  1  2 |
---------------+-------+-----
Unarmed Combat | 4 |  4.6
Fighting       | |  2.1
Throwing       | |  1.7
Dodging        | |  2.6

Action                   || total
-------------------------++-------
Melee: Unarmed           ||    91
       Tailslap          ||    12
  Use: Scroll            ||     3
Armor: Skin              ||    28
Dodge: Dodged            ||    55
